Map: Lock & Load

Players

monk

  • Race: Terran Terran
  • Spawn Location: 7:00

DrSeRRoD

  • Race: Terran Terran
  • Spawn Location: 6:00

VOD

Have the link to the VOD?

Description

Time

  • Played on: Aug. 26, 2017, 8:30 p.m.
  • Length: 13:07
Show
View Real Time Build Order
Export as new Build Order

monk Terran 

Build Orders:  

Get SALT Encoding   

  12  0:03  SCV  
  13  0:20  SCV  
  13  0:25  Refinery  
  14  0:37  SCV  
  15  0:44  Refinery  
  15  0:54  SCV  
  16  1:10  SCV  
  17  1:27  SCV  
  18  1:47  Command Center  
  18  1:52  SCV  
  19  2:05  Barracks  
  19  2:10  SCV  
  20  2:27  SCV  
  21  2:44  SCV  
  22  3:01  SCV  
  23  3:21  Elite Marine  
  27  3:34  Factory  
  27  3:38  SCV  
  28  3:50  Refinery, SCV  
  28  3:55  SCV  
  30  4:07  SCV  
  31  4:12  SCV  
  31  4:18  Refinery  
  32  4:24  SCV  
  33  4:43  SCV  
  33  4:44  SCV  
  33  4:48  Starport  
  35  4:50  Engineering Bay  
  35  5:05  Barracks Tech Lab  
  35  5:07  Factory Tech Lab  
  35  5:09  Armory  
  35  5:10  SCV  
  36  5:35  Terran Infantry Weapons Level 1  
  36  5:45  Factory Tech Lab  
  36  5:47  SCV x2  
  38  5:57  Super Stimpack  
  38  6:07  Raven Type-II  
  40  6:11  Raid Artillery  
  40  6:20  Railgun Turret  
  40  6:28  SCV  
  40  6:29  SCV  
  42  6:31  Terran Vehicle and Ship Weapons Level 1  
  42  6:41  Covert Triage  
  42  6:42  Laser Targeting System  
  42  6:45  SCV  
  42  6:46  SCV  
  42  6:48  Lockdown Missiles  
  44  7:02  SCV  
  45  7:26  Smart Servos  
  45  7:32  Ares-Class Targeting System  
  45  7:35  Raid Liberator  
  51  7:53  Railgun Turret  
  51  8:08  Defensive Drone  
  51  8:11  Enhanced Manufacturing  
  51  8:14  Railgun Turret  
  51  8:18  Elite Marine  
  51  8:19  Railgun Turret  
  55  8:45  Strike Goliath  
  55  8:47  Terran Infantry Weapons Level 2  
  61  8:57  Defensive Drone  
  61  9:04  Railgun Turret  
  61  9:05  Railgun Turret  
  61  9:19  Defensive Drone  
  61  9:21  Hellbat Rangers  
  65  9:44  Railgun Turret  
  65  10:06  SCV x2  
  67  10:17  Railgun Turret x2  
  67  10:23  SCV  
  68  10:36  Railgun Turret x2  
  68  10:48  Railgun Turret  
  68  10:50  Griffin Airstrike  
  68  10:58  Raid Liberator  
  74  11:06  Defensive Drone  
  74  11:24  Railgun Turret  
  74  11:25  Raven Type-II  
  73  11:31  Griffin Airstrike  
  69  11:48  Instant Regeneration  
  67  12:06  Railgun Turret  
Show
View Real Time Build Order
Export as new Build Order

DrSeRRoD Terran 

Build Orders:  

Get SALT Encoding   

  12  0:09  SCV  
  12  0:36  SCV  
  13  0:53  SCV  
  14  1:09  SCV  
Tags
 
Commander
NovaRaynor
Matchup
Co-op
Replay Pack
Co-op Speedrun
Add a new tag
Caveats
  • Supply blocks, unpowered buildings, or Contaminate may cause inaccurate times.
  • Supply counts are checked every 10 seconds.